 Dungeon Crawl Stone Soup version 0.29-a0-925-g0a7a3d12f8 (webtiles) character file.

Game seed: 705143776235326362

38 Elmgren the Firebug (level 3, -7/31 HPs)
             Began as an Ogre Fire Elementalist on July 29, 2022.
             Mangled by Terence
             ... wielding a +0 morningstar
              (9 damage)
             ... on level 1 of the Dungeon.
             The game lasted 00:05:14 (4097 turns).

Elmgren the Firebug (Ogre Fire Elementalist)        Turns: 4097, Time: 00:05:15

Health: -7/31      AC:  3    Str: 18    XL:     3   Next: 43%
Magic:  0/7        EV: 10    Int: 18    God:
Gold:   21         SH:  0    Dex:  9    Spells: 3/7 levels left

rFire   . . .      SeeInvis .   f - +3 dagger
rCold   . . .      Faith    .   (no shield)
rNeg    . . .      Spirit   .   a - +0 robe
rPois   .          Reflect  .   (helmet restricted)
rElec   .          Harm     .   (no cloak)
rCorr   .          Rampage  .   (gloves unavailable)
Will    .....                   (boots unavailable)
Stlth   ++........              (no amulet)
HPRegen 0.10/turn               i - +6 ring of strength
MPRegen 0.10/turn               (no ring)

@: no status effects
A: large, unfitting armour, tough skin 1
a: no special abilities


You were on level 1 of the Dungeon.
You visited 1 branch of the dungeon, and saw 2 of its levels.

You collected 21 gold pieces.

Inventory:

Hand Weapons
 f - a +3 dagger (weapon)
Armour
 a - a +0 robe (worn)
Jewellery
 i - a +6 ring of strength (left hand)
Scrolls
 c - 3 scrolls of identify
Potions
 b - a potion of magic
 g - a potion of might


   Skills:
 + Level 2.1 Dodging
 + Level 1.8 Stealth
 + Level 2.8 Spellcasting
 + Level 1.4 Conjurations
 + Level 3.0 Fire Magic


You had 3 spell levels left.
You knew the following spells:

 Your Spells              Type           Power      Damage    Failure   Level
a - Foxfire               Conj/Fire      40%        2x1d6     7%          1
b - Conjure Flame         Conj/Fire      10%        6-21      21%         3

Your spell library contained the following spells:

 Spells                   Type           Power      Damage    Failure   Level
 Scorch                   Fire           26%        2d6       8%          2
 Inner Flame              Hex/Fire       8%         N/A       26%         3
 Flame Wave               Conj/Fire      10%        2d6       54%         4


Dungeon Overview and Level Annotations

Branches:
Dungeon (2/15)

Altars:

Annotations:
D:1 Terence


Innate Abilities, Weirdness & Mutations

You are too large for most types of armour.
You have tough skin. (AC +1)


Message History

The foxfire hits Terence but does no damage.
Terence is moderately wounded.
The foxfire hits Terence but does no damage.
Terence is moderately wounded.
Terence hits you with a +0 morningstar!
Casting: Foxfire (safe; 7% risk of failure)
Confirm with . or Enter, or press ? or * to list all spells.
You conjure some foxfire!
Terence closely misses you.
Casting: Foxfire (safe; 7% risk of failure)
Press: ? - help, Q - select action Dir - look around, f - activate You miscast Foxfire.
You are very lightly contaminated with residual magic.
Nothing appears to happen.
The foxfire hits Terence.
Terence is heavily wounded.
The foxfire hits Terence but does no damage.
Terence is heavily wounded.
Terence hits you with a +0 morningstar.
Casting: Foxfire (safe; 7% risk of failure)
Confirm with . or Enter, or press ? or * to list all spells.
You don't have enough magic to cast this spell.
Terence is nearby!
Terence attacks as you move away! Terence closely misses you.
You see here a hobgoblin corpse.
Terence attacks as you move away! Terence hits you with a +0 morningstar!
There is a stone staircase leading up here.
Terence hits you with a +0 morningstar.
* * * LOW HITPOINT WARNING * * *
You climb upwards.
There is a stone staircase leading down here.
Terence attacks as you move away! Terence barely misses you.
Your magical contamination has completely faded away.
Terence attacks as you move away! Terence hits you with a +0 morningstar.
* * * LOW HITPOINT WARNING * * *
Terence attacks as you move away! Terence barely misses you.
Okay, then.
Casting: Foxfire (safe; 7% risk of failure)
Confirm with . or Enter, or press ? or * to list all spells.
You conjure some foxfire!
Terence hits you with a +0 morningstar!
You die...

........# #..##.# #............
......### ##.##.# #........####
......# #####.##.# #........#
......# #......#.####........#
###'### #.####.#.#...######'##
#.# #.# #.#.'...'.# #.#
#.#####'####.#.#...#.# #.#
#.##.......#.#v#...#.# #.#
#.##.8.8.8.#.#@#...#.# #.#
#..#.......#.v@#...#.####.#
#..'.8.<.8.'...#...#......#####
#.##.......##.>########........
#.##.8.8.8.#....# #........
#.##.......#....# #........
#.#####+####....#######........
#.รท........'....'.....+........
############....#######........


You could see Terence (ally target).

Vanquished Creatures
  An adder (D:2)
  A dart slug (D:1)
  A ball python (D:1)
  A bat (D:1)
  4 endoplasms (D:1)
  3 goblins (D:1)
  2 hobgoblins (D:2)
  2 jackals (D:1)
  2 quokkas (D:1)
  A frilled lizard (D:1)
  3 kobolds (D:1)
  2 rats (D:1)
23 creatures vanquished.

Vanquished Creatures (others)
  117 foxfires
117 creatures vanquished.

Grand Total: 140 creatures vanquished

Notes
Turn   | Place    | Note
-------+----------+-------------------------------------------
     0 | D:1      | Elmgren the Ogre Fire Elementalist began the quest for the
                  | Orb.
     0 | D:1      | Reached XP level 1. HP: 16/16 MP: 3/3
    80 | D:1      | Reached skill level 1 in Conjurations
   623 | D:1      | Reached XP level 2. HP: 22/24 MP: 1/5
  2239 | D:1      | Reached XP level 3. HP: 31/31 MP: 2/7
  2490 | D:1      | Learned a level 3 spell: Conjure Flame
  3936 | D:2      | Reached skill level 3 in Fire Magic
  4075 | D:2      | Noticed Terence
  4095 | D:1      | HP: 1/31 [Terence/+0 morningstar (4)]
  4097 | D:1      | Mangled by Terence

Illustrated notes

Levels and vault maps discovered:
D:1:      doesnt_arrival_eight_statues, layout_basic
D:2:      layout_loops_ring, serial_shops, nicolae_shop_bloodbath_and_beyond,
          nicolae_shop_window_shopping, nicolae_diamond_shop,
          nicolae_shop_hallway_stairs, nicolae_shop_hallway_plus, basic_altar,
          st_stairs_6, minmay_liquid_box, lemuel_flame_loot_1, uniq_terence

Skill      XL: |  1  2  3 |
---------------+----------+-----
Conjurations   | 1 |  1.4
Dodging        | 2 |  2.1
Fire Magic     | 3 |  3.0
Stealth        | |  1.8
Spellcasting   | |  2.8

Action                   || total
-------------------------++-------
Melee: Dagger            ||     1
 Cast: Foxfire           ||    71
  Use: Scroll            ||     4
Armor: Robe              ||     9
Dodge: Dodged            ||    25

Table legend: (Time is in decaauts)
 A = Elapsed time spent in this place.
 B = Non-inter-level travel time spent in this place.
 C = Inter-level travel time spent in this place.
 D = Time resting spent in this place.
 E = Time spent auto-exploring this place.
 F = Levels seen in this place.
 G = Mean time per level.
                   A        B        C        D        E       F      G
               +--------+--------+--------+--------+--------+-----+--------+
         Total |   4095 |   4062 |     33 |   2834 |    889 |   2 | 2047.5 |
       Dungeon |   4095 |   4062 |     33 |   2834 |    889 |   2 | 2047.5 |
               +--------+--------+--------+--------+--------+-----+--------+

Top non-repeatable levels by time:
     D:1: 3905 daAuts
     D:2: 190 daAuts
